 Dungeon Crawl Stone Soup version 0.29-a0-323-g050149af67 (webtiles) character file.

Game seed: 7085217723558576219

86 spaghetti the Skirmisher (level 4, -2/40 HPs)
             Began as a Demigod Brigand on Apr 10, 2022.
             Slain by Sigmund
             ... wielding a +0 scythe
              (8 damage)
             ... on level 2 of the Dungeon.
             The game lasted 00:03:06 (2109 turns).

spaghetti the Skirmisher (Demigod Brigand)          Turns: 2109, Time: 00:03:07

Health: -2/40      AC: 15    Str: 15 (16) XL:     4   Next: 6%
Magic:  6/6        EV:  4    Int: 10 (13) God:
Gold:   34         SH:  0    Dex: 14 (15) Spells: 3/3 levels left

rFire   . . .      SeeInvis .   a - +2 dagger {short}
rCold   . . .      Faith    .   (no shield)
rNeg    . . .      Spirit   .   f - +0 plate armour
rPois   .          Reflect  .   p - +2 helmet
rElec   .          Harm     .   c - +0 cloak
rCorr   .          Rampage  .   k - +0 pair of gloves
Will    .....                   (no boots)
Stlth   ..........              (no amulet)
HPRegen 0.13/turn               (no ring)
MPRegen 0.10/turn               (no ring)

@: confused, mighty
A: high MP 1, forlorn, divine attributes
a: no special abilities


You were on level 2 of the Dungeon.
You visited 1 branch of the dungeon, and saw 2 of its levels.

You collected 34 gold pieces.


Innate Abilities, Weirdness & Mutations

You have an increased reservoir of magic. (+10% MP)
You shall have no god before yourself.
Your divine heritage dramatically boosts your attributes as you level up.


   Skills:
 + Level 3.8 Fighting
 - Level 1.7 Short Blades
 - Level 1.7 Throwing
 + Level 1.6 Dodging
 - Level 3.6 Stealth


You had 3 spell levels left.
You didn't know any spells.
Your spell library contained the following spells:

 Spells                   Type           Power      Damage    Failure   Level
 Foxfire                  Conj/Fire      0%         2x1d4     100%        1
 Slow                     Hex            0%         N/A       100%        1
 Confusing Touch          Hex            0%         N/A       100%        3
 Conjure Flame            Conj/Fire      0%         6-21      100%        3
 Inner Flame              Hex/Fire       0%         N/A       100%        3
 Vampiric Draining        Necr           0%         2d6       100%        3
 Flame Wave               Conj/Fire      0%         2d4       100%        4

Inventory:

Hand Weapons
 a - a +2 dagger (weapon) {short}
Missiles
 b - 32 stones {throwing}
 d - 10 poisoned darts (quivered) {throwing}
 e - 3 curare-tipped darts {=fthrowing}
Armour
 c - a +0 cloak (worn)
 f - a +0 plate armour (worn)
   (You found it on level 1 of the Dungeon)
 k - a +0 pair of gloves (worn)
   (You found it on level 1 of the Dungeon)
 p - a +2 helmet (worn)
   (You found it on level 2 of the Dungeon)
 s - a +1 helmet of intelligence
   (You took it off Robin on level 2 of the Dungeon)
Jewellery
 q - a ring of fire
   (You found it on level 2 of the Dungeon)
Scrolls
 g - a scroll of teleportation {unknown}
 h - a scroll of identify {unknown}
 l - a scroll of holy word {unknown}
 m - a scroll of vulnerability {unknown}
 r - a scroll of amnesia {unknown}
 u - a scroll of summoning {unknown}

Dungeon Overview and Level Annotations

Branches:
Dungeon (2/15)

Annotations:
D:2 Sigmund

##.)..........# #.
#.##.##......#
#.##.##......#
#....##.######
#.#####.#
#.#####.####
#..........########.#
#.##.###............#
.......#..##@######
###.##..#..##{#
.......##.#
###.....##.#
##.......# #########


There were no monsters in sight!


Message History

No target in view!
No target in view!
No target in view!
No target in view!
No target in view!
No target in view!
No target in view!
There is a strange disturbance nearby!
There is a strange disturbance nearby!
You barely miss something.
You hear some strange, mumbled words.
You are confused.
You bump into the rock wall.
Something hits you. 😕 HP[-3]
You take 3 damage, and now have 37/40 hp.
It was a potion of heal wounds.
You feel much better. Something hits you! 😕 HP[-5]
You take 5 damage, and now have 32/40 hp.
Unknown command.
Unknown command.
You bump into the rock wall.
Something hits you but does no damage. 😕 HP[+1]
You bump into the rock wall.
You feel less confused. Something hits you. 😕 HP[-1]
You take 1 damage, and now have 32/40 hp.
You hit something. Something hits you. 😕 HP[-1]
You take 1 damage, and now have 31/40 hp.
You closely miss something. You miss something. Something hits you! 😮 HP[-7]
You take 7 damage, and now have 24/40 hp.
You miss something. You hit something but do no damage.
You hear some strange, mumbled words.
A puff of flame appears from out of thin air!
The puff of flame hits you. 😮 HP[-1]
You take 1 damage, and now have 23/40 hp.
You hit something.
You hear some strange, mumbled words.
A puff of flame appears from out of thin air!
The puff of flame hits you.
* * * LOW HITPOINT WARNING * * *
😨 HP[-4]
You take 4 damage, and now have 19/40 hp.
Unknown command.
It was a potion of brilliance.
You feel clever all of a sudden.
You hear some strange, mumbled words.
A magic dart appears from out of thin air!
The magic dart hits you.
* * * LOW HITPOINT WARNING * * *
😨 HP[-3]
You take 3 damage, and now have 16/40 hp.
It was a potion of degeneration.
There was something very wrong with that liquid.
You feel weakened.
You feel dopey.
You feel clumsy. Something hits you but does no damage.
It was a potion of cancellation.
Your magical effects are unravelling.
You feel magically purged.
You feel a little less clever now.
You hear some strange, mumbled words.
Something tries to affect you, but you resist.
Unknown command.
Okay, then.
You closely miss something. Something hits you.
* * * LOW HITPOINT WARNING * * *
😨 HP[-5]
You take 5 damage, and now have 11/40 hp.
It was a potion of might.
You feel very mighty all of a sudden.
You aren't carrying any items that you can evoke.
You hit something.
You hear some strange, mumbled words.
You are confused.
Unknown command.
Unknown command.
You aren't carrying any potions.
Unknown command.
You completely miss something. Something hits you but does no damage.
Unknown command.
You bump into the rock wall. 😨 HP[+1]
You bump into the rock wall.
Something hits you.
* * * LOW HITPOINT WARNING * * *
😱 HP[-6]
You take 6 damage, and now have 6/40 hp.
Unknown command.
Unknown command.
You aren't carrying any potions.
You completely miss something.
You hear some strange, mumbled words.
A magic dart appears from out of thin air!
The magic dart hits you but does no damage.
You bump into the rock wall.
Something hits you!
You die...

Skill      XL: |  1  2  3 |
---------------+----------+-----
Fighting       | 2 3 |  3.8
Dodging        | 1 |  1.6
Short Blades   | |  1.7
Throwing       | |  1.7
Stealth        | |  3.6

Action                   |  1- 3 |  4- 6 || total
-------------------------+-------+-------++-------
Melee: Dagger            |   143 |    29 ||   172
Throw: Dart              |    18 |       ||    18
  Use: Potion            |       |     5 ||     5
 Stab: Sleeping          |     6 |       ||     6
Armor: Robe              |    22 |       ||    22
       Plate armour      |    40 |    16 ||    56
Dodge: Dodged            |    54 |     4 ||    58

Levels and vault maps discovered:
D:1:      dpeg_arrival_brainrot, layout_loops_cross,
          shapermc_ecumenical_altar_venn, serial_glass, glass_columns_a,
          glass_columns_b, item_on_display_a, item_on_display_a
D:2:      layout_loops_cross, uniq_sigmund, uniq_robin

Notes
Turn   | Place    | Note
-------+----------+-------------------------------------------
     0 | D:1      | spaghetti the Demigod Brigand began the quest for the Orb.
     0 | D:1      | Reached XP level 1. HP: 17/17 MP: 3/3
     0 | D:1      | magus.rc [v1.9.6]
   124 | D:1      | Reached skill level 2 in Fighting
   333 | D:1      | Reached XP level 2. HP: 25/25 MP: 4/4
   642 | D:1      | Reached skill level 3 in Fighting
  1155 | D:2      | HP: 4/26 [worm (10)]
  1158 | D:2      | Reached XP level 3. HP: 5/31 MP: 5/5
  1618 | D:2      | You pick up a book of Debilitation and begin reading...
  1618 | D:2      | You add the spells Slow, Vampiric Draining and Confusing
                  | Touch to your library.
  1658 | D:2      | Reached skill level 1 in Dodging
  1810 | D:2      | You pick up a book of Flames and begin reading...
  1810 | D:2      | You add the spells Foxfire, Conjure Flame, Inner Flame and
                  | Flame Wave to your library.
  1852 | D:2      | Noticed Robin
  1878 | D:2      | Killed Robin
  1879 | D:2      | Reached XP level 4. HP: 31/40 MP: 6/6
  2073 | D:2      | Noticed Sigmund
  2107 | D:2      | HP: 6/40 [something (6)]
  2109 | D:2      | Slain by Sigmund

Vanquished Creatures
  Robin (D:2)
  3 adders (D:2)
  A worm (D:2)
  2 dart slugs (D:1)
  2 ball pythons
  3 bats
  2 endoplasms
  7 goblins
  6 hobgoblins
  3 jackals (D:1)
  3 quokkas (D:1)
  3 frilled lizards
  2 kobolds (D:1)
  2 rats (D:1)
40 creatures vanquished.

Table legend:
 A = Non-vault XP
 B = Vault XP
 C = Vault XP percentage of total XP
 D = Non-vault monster count
 E = Vault monster count
 F = Vault count percentage of total count
                 A         B        C        D         E       F
            +---------+---------+-------+---------+---------+-------
      Total |      96 |      28 |  22.6 |      32 |       8 |  20.0
            +---------+---------+-------+---------+---------+-------
        D:1 |      43 |       0 |   0.0 |      23 |       0 |   0.0
        D:2 |      53 |      28 |  34.6 |       9 |       8 |  47.1
            +---------+---------+-------+---------+---------+-------

Illustrated notes

Table legend:
 A = Kills in this place as a percentage of kills in entire the game.
 B = Kills by you in this place as a percentage of kills by you in the entire game.
 C = Kills by friends in this place as a percentage of kills by friends in the entire game.
 D = Other kills in this place as a percentage of other kills in the entire game.
 E = Experience gained in this place as a percentage of experience gained in the entire game.
 F = Experience gained in this place divided by the number of levels of this place that you have seen.
                   A       B       C       D       E      F
               +-------+-------+-------+-------+-------+----------------------
         Total | 100.0 | 100.0 |   N/A |   N/A | 100.0 |  62.0
       Dungeon | 100.0 | 100.0 |   N/A |   N/A | 100.0 |  62.0
               +-------+-------+-------+-------+-------+----------------------

Table legend: (Time is in decaauts)
 A = Elapsed time spent in this place.
 B = Non-inter-level travel time spent in this place.
 C = Inter-level travel time spent in this place.
 D = Time resting spent in this place.
 E = Time spent auto-exploring this place.
 F = Levels seen in this place.
 G = Mean time per level.
                   A        B        C        D        E       F      G
               +--------+--------+--------+--------+--------+-----+--------+
         Total |   2092 |   2057 |     35 |    939 |    746 |   2 | 1046.0 |
       Dungeon |   2092 |   2057 |     35 |    939 |    746 |   2 | 1046.0 |
               +--------+--------+--------+--------+--------+-----+--------+

Top non-repeatable levels by time:
     D:1: 1105 daAuts
     D:2: 987 daAuts
